 Dungeon Crawl Stone Soup version 0.24-a0-504-gcfb02b9d07 (webtiles) character file.

Game seed: 2288129172055764901

224 soark the Magician (level 5, -8/36 HPs)
             Began as a Mummy Fire Elementalist on July 16, 2019.
             Killed by divine providence
             ... invoked by an orc priest
              (13 damage)
             ... on level 4 of the Dungeon.
             The game lasted 00:11:22 (3882 turns).

soark the Magician (Mummy Fire Elementalist)        Turns: 3882, Time: 00:11:22

Health: -8/36      AC:  7    Str: 11    XL:     5   Next: 67%
Magic:  12/19      EV: 12    Int: 18    God:
Gold:   211        SH:  0    Dex: 12    Spells: 3/11 levels left

rFire    x . .     SeeInvis +   q - +5 war axe
rCold    + . .     Gourm    .   (no shield)
rNeg     + + +     Faith    .   f - +0 robe
rPois    ∞         Spirit   .   s - +3 crown of Dyrovepreva {rElec Int+2 SInv}
rElec    +         Reflect  .   (no cloak)
rCorr    .         Harm     .   r - +0 pair of gloves
MR       .....                  c - +0 pair of boots
Stlth    ++........             b - amulet of regeneration
HPRegen  0.52/turn              a - ring of magical power
MPRegen  0.16/turn              (no ring)

@: very slightly contaminated
A: no food or potions, fire vulnerability, cold resistance 1, negative energy
resistance 3, torment resistance, unbreathing
a: no special abilities


You were on level 4 of the Dungeon.
You were not hungry.

You visited 1 branch of the dungeon, and saw 4 of its levels.

You collected 211 gold pieces.

Inventory:

Hand Weapons
 m - a +0 hunting sling
 p - a +3 mace
 q - a +5 war axe (weapon)
Missiles
 n - 78 stones (quivered)
Armour
 c - a +0 pair of boots (worn)
 f - a +0 robe (worn)
 g - a +0 buckler
 r - a +0 pair of gloves (worn)
 s - the +3 crown of Dyrovepreva (worn) {rElec Int+2 SInv}
   (You found it on level 4 of the Dungeon)

   It affects your intelligence (+2).
   It insulates you from electricity.
   It lets you see invisible.
Jewellery
 a - a ring of magical power (left hand)
 b - an amulet of regeneration (around neck)
Scrolls
 d - a scroll of random uselessness {unknown}
 e - a scroll of enchant armour {unknown}
 h - a scroll of magic mapping {unknown}
 i - 4 scrolls of remove curse {unknown}
 j - a scroll of immolation {unknown}
 k - a scroll of blinking {unknown}
 l - 6 scrolls of identify
 o - a scroll of teleportation {unknown}


   Skills:
 - Level 0.8 Fighting
 - Level 1.5 Dodging
 - Level 1.5 Stealth
 - Level 3.8 Spellcasting
 * Level 3.4 Conjurations
 * Level 3.3 Fire Magic


You had 3 spell levels left.
You knew the following spells:

 Your Spells              Type           Power        Failure   Level  Hunger
a - Flame Tongue          Conj/Fire      ###..        3%          1    N/A
b - Conjure Flame         Conj/Fire      ###.....     11%         3    N/A
c - Sticky Flame          Conj/Fire      ###.....     36%         4    N/A

Your spell library contained the following spells:

 Spells                   Type           Power        Failure   Level  Hunger
 Throw Flame              Conj/Fire      ###...       5%          2    N/A
 Inner Flame              Hex/Fire       #.......     22%         3    N/A
 Fireball                 Conj/Fire      ###.......   71%         5    N/A

Dungeon Overview and Level Annotations

Branches:
Dungeon (4/15)
 Temple: D:4-7

Altars:
Gozag
Qazlal
Beogh


Innate Abilities, Weirdness & Mutations

You do not eat or drink.
Your flesh is vulnerable to fire.
You are immune to poison.
Your flesh is cold resistant. (rC+)
You are immune to negative energy. (rN+++)
You are immune to unholy pain and torment.
You can survive without breathing.


Message History

The orc priest mumbles some strange prayers to Beogh against you.
Beogh smites you!
* * * LOW HITPOINT WARNING * * *
Casting: Flame Tongue (safe; 3% risk of failure)
Confirm with . or Enter, or press ? or * to list all spells.
Aiming: Flame Tongue (safe; 3% risk of failure)
Press: ? - help, Shift-Dir - straight line, f/p - orc priest
Aim: an orc priest, wielding a +0 mace and wearing a cursed +0 ring mail (almost dead)
The flame tongue hits the orc!
You kill the orc!
Casting: Flame Tongue (safe; 3% risk of failure)
Confirm with . or Enter, or press ? or * to list all spells.
Aiming: Flame Tongue (safe; 3% risk of failure)
Press: ? - help, Shift-Dir - straight line, f/p - orc priest
Aim: an orc priest, wielding a +0 mace and wearing a cursed +0 ring mail (almost dead)
The flame tongue hits the orc.
The orc is moderately wounded.
The orc priest calls down the wrath of Beogh upon you.
Beogh smites you!
You die...

#...####.#.## .####
#.#.# ....## #.#.#
.....# #.#.# ###
###..###.#.# ....
###......#.# ....#
##....)....# ####).....
##.#.###########o.o..(#
##.#.# #......@##..##
.....# #.####..# ....
#...## #.####..# ....
#...# #.......# ###
#...######.#.#..##
#..........#.#..#...
........#.(.........
.%...........#.#<...
..%.....#..#.#.# ..


You could see an orc priest and an orc.

Vanquished Creatures
  The ghost of mhoghedin the Grasshopper, a weakling FeWr (D:3)
  4 gnolls (D:4)
  4 adders
  An ooze (D:4)
  An adder skeleton (D:4)
  3 worms
  A leopard gecko (D:3)
  15 orcs
  3 giant cockroaches
  7 goblins
  14 hobgoblins
  6 jackals
  2 quokkas
  A ball python (D:4)
  8 bats
  6 frilled lizards
  7 kobolds
  3 rats
87 creatures vanquished.

Notes
Turn   | Place    | Note
-------+----------+-------------------------------------------
     0 | D:1      | soark the Mummy Fire Elementalist began the quest for the
                  | Orb.
     0 | D:1      | Reached XP level 1. HP: 13/13 MP: 4/4
    85 | D:1      | Reached skill level 1 in Conjurations
   326 | D:1      | Reached XP level 2. HP: 19/19 MP: 4/6
  1046 | D:2      | Reached XP level 3. HP: 24/24 MP: 5/7
  1307 | D:2      | Found an opulent altar of Gozag.
  1914 | D:3      | Reached XP level 4. HP: 30/30 MP: 6/9
  2401 | D:3      | Learned a level 3 spell: Conjure Flame
  2406 | D:3      | Learned a level 4 spell: Sticky Flame
  2570 | D:3      | Found a stormy altar of Qazlal.
  2849 | D:3      | Found a runed translucent gate.
  2849 | D:3      | Found a runed translucent gate.
  2849 | D:3      | Found a runed translucent gate.
  2849 | D:3      | Noticed mhoghedin's ghost (weakling FeWr)
  2853 | D:3      | Found a roughly hewn altar of Beogh.
  3065 | D:3      | Killed mhoghedin's ghost
  3065 | D:3      | Reached XP level 5. HP: 24/36 MP: 7/10
  3483 | D:4      | Found the +3 crown of Dyrovepreva {rElec Int+2 SInv}
  3882 | D:4      | Killed from afar by an orc priest

Levels and vault maps discovered:
D:1:      minmay_arrival_up_and_down, layout_rooms
D:2:      layout_basic, nicolae_gozag_cash_rules_everything_around_me,
          first_ration
D:3:      layout_loops_ring, overflow_temple_1_default,
          biasface_ghost_orc_armoury
D:4:      layout_loops_cross, chequers_temple_overflow_statue_of_worship,
          serial_shops, nicolae_shop_temple_entry_statues_fountains

Skill      XL: |  1  2  3  4 |
---------------+-------------+-----
Conjurations   | 1 2 3 |  3.4
Spellcasting   | 3 |  3.8
Fire Magic     | 3 |  3.3
Fighting       | |  0.8
Dodging        | |  1.5
Stealth        | |  1.5

Action                   |  1- 3 |  4- 6 || total
-------------------------+-------+-------++-------
Melee: Unarmed           |     1 |       ||     1
       Dagger            |     7 |       ||     7
 Cast: Flame Tongue      |    67 |   122 ||   189
       Conjure Flame     |       |     1 ||     1
  Use: Scroll            |     2 |       ||     2
Armor: Robe              |    11 |     5 ||    16
Dodge: Dodged            |    20 |    17 ||    37

Table legend:
 A = Non-vault XP
 B = Vault XP
 C = Vault XP percentage of total XP
 D = Non-vault monster count
 E = Vault monster count
 F = Vault count percentage of total count
                 A         B        C        D         E       F
            +---------+---------+-------+---------+---------+-------
      Total |     254 |      66 |  20.6 |      78 |       9 |  10.3
            +---------+---------+-------+---------+---------+-------
        D:1 |      33 |       0 |   0.0 |      19 |       0 |   0.0
        D:2 |      58 |       0 |   0.0 |      19 |       0 |   0.0
        D:3 |      64 |      66 |  50.8 |      25 |       9 |  26.5
        D:4 |      99 |       0 |   0.0 |      15 |       0 |   0.0
            +---------+---------+-------+---------+---------+-------
